 Dungeon Crawl Stone Soup version 0.25-a0-413-g3b4b6a4ccc (webtiles) character file.

Game seed: 12615420168988916288, levelgen mode: deterministic

136821 Borgoz the Bludgeoner (level 17, 0/168 HPs)
             Began as a Gargoyle Berserker on Jan 17, 2020.
             Was a High Priest of Trog.
             Slain by an alligator (17 damage)
             ... on level 3 of the Swamp.
             The game lasted 00:58:22 (24460 turns).

Borgoz the Bludgeoner (Gargoyle Berserker)         Turns: 24460, Time: 00:58:23

Health: 0/168      AC: 35    Str: 29    XL:     17   Next: 22%
Magic:  26/26      EV: 17    Int: 10    God:    Trog [*****.]
Gold:   2071       SH:  0    Dex: 11    Spells: 16/16 levels left

rFire    + . .     SeeInvis .   H - +4 great mace (crush)
rCold    . . .     Gourm    .   (shield currently unavailable)
rNeg     + . .     Faith    .   E - +6 scale mail of Xyrices {+Inv}
rPois    ∞         Spirit   .   z - +0 helmet
rElec    +         Reflect  .   l - scarf {repulsion}
rCorr    +         Harm     .   i - +2 pair of gloves of Gestures {MR+ Stlth+}
MR       ++...                  I - +0 pair of boots "Enarosm" {rPois rCorr} (curse)
Stlth    ..........             M - amulet of regeneration
HPRegen  0.78/turn              O - +5 ring of slaying
MPRegen  0.20/turn              e - ring of Brilliance {rF+ MP+9}

@: berserking (expiring), flying, repel missiles, very quick
A: big wings, negative energy resistance 1, electricity resistance, unbreathing,
petrification resistance, rot immunity, AC +12
a: Stop Flying, Berserk, Trog's Hand, Brothers in Arms, Renounce Religion, Evoke
Invisibility


You were on level 3 of the Swamp.
You worshipped Trog.
Trog was extremely pleased with you.
You were very hungry.

You visited 4 branches of the dungeon, and saw 26 of its levels.
You visited the Abyss 1 time.
You also visited: Gauntlet.

You collected 2665 gold pieces.
You spent 594 gold pieces at shops.

Inventory:

Hand Weapons
 a - a +6 dire flail of flaming
 H - a +4 great mace of crushing (weapon)
Missiles
 K - 6 throwing nets (quivered)
Armour
 i - the +2 pair of gloves of Gestures (worn) {MR+ Stlth+}
   (You found it in a Gauntlet)

   It affects your resistance to hostile enchantments.
   It makes you more stealthy.
 l - a scarf of repulsion (worn)
 q - a +3 chain mail of fire resistance
 t - a +0 shield of reflection
 z - a +0 helmet (worn)
 E - the +6 scale mail of Xyrices (worn) {+Inv}
   (You found it on level 6 of the Lair of Beasts)

   It lets you turn invisible.
 I - the cursed +0 pair of boots "Enarosm" (worn) {rPois rCorr}
   (You found it on level 2 of the Swamp)

   It protects you from poison.
   It provides partial protection from all sources of acid and corrosion.
   It has a curse placed upon it.
Jewellery
 e - the ring of Brilliance (right hand) {rF+ MP+9}
   (You found it on level 3 of the Swamp)

   [ring of protection from fire]

   It protects you from fire.
   It affects your magic capacity (+9).
 n - a +4 ring of protection
 r - an uncursed ring of protection from cold
 J - an uncursed ring of resist corrosion
 M - an amulet of regeneration (around neck)
 O - a +5 ring of slaying (left hand)
Wands
 p - a wand of iceblast (8)
 y - a wand of disintegration (46)
 D - a wand of acid (13)
 F - a wand of paralysis (25)
 N - a wand of digging (15)
Scrolls
 d - 2 scrolls of blinking
 h - 18 scrolls of teleportation
 o - a scroll of silence
 s - 4 scrolls of fog
 u - 2 scrolls of fear
 w - 11 scrolls of remove curse
 x - 3 scrolls of magic mapping
 C - a scroll of enchant armour
Potions
 b - 18 potions of curing
 f - 3 potions of might
 g - a potion of berserk rage
 k - 5 potions of heal wounds
 m - 2 potions of resistance
 v - 5 potions of invisibility
 A - 3 potions of haste
 X - 2 potions of cancellation
Comestibles
 c - 56 rations
 j - 5 chunks of flesh


   Skills:
 + Level 14.5 Fighting
 * Level 16.6 Maces & Flails
 + Level 14.4 Armour
 * Level 14.2 Dodging


You had 16 spell levels left.
You didn't know any spells.
Your spell library was empty.

Dungeon Overview and Level Annotations

Branches:
Dungeon (15/15)            Temple (0/1) D:5            Lair (6/6) D:10
  Swamp (3/4) Lair:3       Spider (0/4) Lair:4        Slime (0/5) Lair:5
    Orc (2/2) D:12            Elf (0/3) Orc:2        Vaults (0/5) D:13
 Depths (0/5) D:15        Gauntlet (visited)

Altars:
Ashenzari
Cheibriados
Dithmenos
Elyvilon
Kikubaaqudgha
Makhleb
Nemelex Xobeh
Qazlal
Ru
Trog
Vehumet
Wu Jian
Zin
The Shining One
Beogh
Jiyva

Shops:
D:5 [   D:9 =*   D:10 *   D:15 (}:   Orc:2 :}:%


Innate Abilities, Weirdness & Mutations

You are resistant to torment.
Your stone body is resilient. (AC +12)
You are immune to poison.
Your large and strong wings let you fly indefinitely.
You resist negative energy. (rN+)
You are resistant to electric shocks. (rElec)
You can survive without breathing.
You are immune to petrification.
You are immune to rotting.


Message History

The alligator is severely wounded.
The swamp worm bites you but does no damage.
The alligator bites you but does no damage.
The alligator closely misses you.
The alligator bites you but does no damage.
The alligator tail-slaps you but does no damage.
The spriggan rider misses you.
You pound the alligator like an anvil!!!
You kill the alligator!
Trog accepts your kill. The swamp worm bites you!
* * * LOW HITPOINT WARNING * * *
The alligator bites you!
* * * LOW HITPOINT WARNING * * *
The alligator barely misses you. The grasping roots constrict you.
You escape the roots' grasp.
You feel a strong urge to attack something.
The swamp worm fires a harpoon shot at you.
The harpoon shot is repelled.
The alligator bites you!
You die...

♣.P.♣.≈##..♣♣♣..≈...<≈.♣♣♣♣
.♣P..≈.#..≈♣♣≈≈≈≈≈...≈≈..♣
.≈♣§.≈...#..≈.≈≈≈≈≈≈.≈≈.≈.♣
♣.≈≈≈≈......≈..≈≈≈≈≈.≈§≈≈≈♣
.≈≈≈≈≈P.§#.♣...)≈≈≈.♣♣♣♣♣♣♣
♣.≈≈≈≈♣....≈.≈.≈≈..♣♣
.≈♣≈P≈...#.♣.≈≈....♣ .
♣P♣.♣♣##.♣♣.≈...♣♣
♣.P.♣#..@♣♣≈.§..♣ ...
#..t♣♣♣♣.?≈♣♣ #.#. #..≈≈♣
♣♣♣≈♣ ......w♣i.♣ ♣♣
.≈.....f..≈♣ ♣♣♣♣♣..≈≈≈≈≈.
...>.≈≈≈≈.≈ ≈≈≈≈≈...≈..≈≈
≈≈≈≈≈≈≈....[..


You could see a shambling mangrove, an alligator, a spriggan rider and a swamp
worm.

Vanquished Creatures
  Jorgrun (Swamp:2)
  Rupert (Lair:4)
  A sphinx (D:15)
  Kirke (D:15)
  2 thorn hunters
  Donald (Orc:2)
  A frost giant (D:15)
  A war gargoyle (D:15)
  A stone giant (Orc:2)
  A dire elephant (Lair:6)
  A minotaur (Gauntlet)
  Azrael (D:15)
  3 ettins (D:15)
  A fire dragon (Lair:6)
  Josephine (D:11)
  2 great orbs of eyes (D:15)
  Fannar (Lair:3)
  11 hydras
  4 vault guards (D:15)
  Harold (D:9)
  A shambling mangrove (Swamp:3)
  A death knight (D:13)
  3 two-headed ogres
  2 catoblepae (Lair:6)
  6 centaur warriors
  A tengu warrior (D:15)
  2 dancing weapons (D:13)
  4 death yaks (Lair:6)
  8 alligators
  An ogre mage (D:15)
  Urug (Lair:3)
  3 orc high priests (Orc:2)
  A spriggan (Swamp:2)
  3 sixfirhies (Gauntlet)
  A skeletal warrior (D:13)
  3 unseen horrors
  A spriggan druid (Swamp:3)
  A swamp dragon (Lair:6)
  A lindwurm (Lair:6)
  A phantasmal warrior (D:13)
  2 wizards (D:14)
  Pikel (D:8)
  The ghost of Yorgos the Shield-Bearer, a novice GnFi (D:5)
  2 wolf spider zombies (D:15)
  A necromancer (D:15)
  2 deep elf magi
  7 orc knights
  5 oklob plants
  3 orc sorcerers (Orc:2)
  9 ugly things
  6 manticores
  4 cyclopes
  6 black mambas
  A naga mage (D:15)
  Psyche (D:9)
  A torpor snail (Lair:6)
  16 spiny frogs
  4 gargoyles
  5 centaur skeletons
  A demonic crawler (Lair:6)
  3 kobold demonologists
  Maggie (Lair:3)
  2 freezing wraiths
  6 rime drakes
  8 komodo dragons
  An efreet (D:15)
  A jumping spider (Lair:4)
  A tengu conjurer (D:15)
  9 hornets
  5 trolls
  4 tyrant leeches
  4 bog bodies
  4 blink frogs
  Grinder (D:4)
  A slime creature (D:15)
  11 hippogriffs
  A centaur simulacrum (D:15)
  A meliai zombie (D:15)
  7 shadows
  2 steam dragons
  6 wraiths
  5 wyverns
  42 yaks
  A basilisk (shapeshifter) (D:15)
  3 hogs (D:15)
  2 basilisks
  5 fire elementals (D:15)
  A hungry ghost (D:10)
  5 vampire mosquitoes
  8 insubstantial wisps
  A warg (Orc:1)
  4 acid dragons
  4 nagas (D:15)
  10 swamp worms
  3 soldier ants
  12 water moccasins
  3 hell hounds (D:15)
  4 porcupines
  2 floating eyes (D:15)
  4 slaves (D:8)
  13 ogres
  6 ice beasts
  32 orc warriors
  2 black bears
  2 eyes of draining
  3 sky beasts
  2 phantoms
  9 swamp drakes
  3 boggarts (D:15)
  2 necrophages (D:13)
  26 wolves
  10 crocodiles
  14 centaurs
  2 big kobolds (D:12)
  18 bullfrogs
  Blork the orc (D:6)
  A wyvern zombie (D:5)
  A gnoll sergeant (D:7)
  4 scorpions
  A water moccasin skeleton (D:7)
  60 killer bees
  An oklob sapling (D:13)
  A howler monkey (D:7)
  2 electric eels
  2 bullfrog zombies
  3 centaur zombies
  7 crimson imps
  6 hounds
  4 jellies
  25 orc priests
  3 bullfrog skeletons
  13 worker ants
  4 iguanas
  22 orc wizards
  11 hell rats
  3 hound skeletons
  A worker ant zombie (D:7)
  13 adders
  7 gnolls
  A howler monkey skeleton (D:9)
  3 shadow imps
  2 adder skeletons
  10 worms
  7 leopard geckos
  100 orcs
  3 giant cockroaches
  10 goblins
  6 hobgoblins
  27 jackals
  4 quokkas
  9 ball pythons
  5 bats
  3 frilled lizards
  A giant cockroach zombie (D:6)
  A jackal skeleton (D:7)
  20 kobolds
  14 rats
  A butterfly (Lair:1)
  7 plants
932 creatures vanquished.

Vanquished Creatures (collateral kills)
  A yak (Lair:5)
  An ogre (D:7)
2 creatures vanquished.

Vanquished Creatures (others)
  A centaur zombie (D:15)
  2 hell rats (Lair:3)
  A giant cockroach (D:2)
  A kobold (D:2)
  2 briar patches (Swamp:2)
  17 fungi (Lair:6)
  16 plants
40 creatures vanquished.

Grand Total: 974 creatures vanquished

Notes
Turn   | Place    | Note
-------+----------+-------------------------------------------
     0 | D:1      | Borgoz the Gargoyle Berserker began the quest for the Orb.
     0 | D:1      | Reached XP level 1. HP: 14/14 MP: 1/1
    63 | D:1      | You fall into a shaft and drop 1 floor!
    93 | D:2      | Reached XP level 2. HP: 18/19 MP: 2/2
   201 | D:2      | Reached XP level 3. HP: 7/23 MP: 3/3
  1018 | D:2      | Reached ** piety under Trog
  1029 | D:2      | Reached XP level 4. HP: 24/29 MP: 4/4
  1196 | D:2      | Found a radiant altar of Vehumet.
  1235 | D:2      | Found a glowing golden altar of the Shining One.
  1415 | D:3      | Found a burning altar of Makhleb.
  1749 | D:3      | Reached XP level 5. HP: 30/33 MP: 5/5
  1797 | D:3      | Reached *** piety under Trog
  2061 | D:4      | Reached skill level 4 in Maces & Flails
  2156 | D:4      | Found an ornate altar of the Wu Jian Council.
  2181 | D:4      | Noticed Grinder
  2189 | D:4      | Killed Grinder
  2189 | D:4      | Reached skill level 5 in Fighting
  2189 | D:4      | Reached XP level 6. HP: 40/40 MP: 6/6
  2318 | D:4      | Reached XP level 7. HP: 29/44 MP: 7/7
  3017 | D:5      | Entered Level 5 of the Dungeon
  3069 | D:5      | Noticed a gargoyle
  3071 | D:5      | Found a runed translucent gate.
  3072 | D:5      | Found a runed translucent gate.
  3073 | D:5      | Found a runed translucent gate.
  3146 | D:5      | Found a staircase to the Ecumenical Temple.
  3161 | D:5      | Found Arrodi's Antique Armour Shoppe.
  3191 | D:5      | Found a sacrificial altar of Ru.
  3201 | D:5      | Reached skill level 5 in Maces & Flails
  3409 | D:5      | Noticed Yorgos's ghost (novice GnFi)
  3490 | D:5      | Found a stormy altar of Qazlal.
  3520 | D:5      | Reached skill level 5 in Armour
  3770 | D:5      | Reached XP level 8. HP: 43/51 MP: 8/8
  3844 | D:5      | Found a snail-covered altar of Cheibriados.
  4168 | D:5      | Killed a gargoyle
  4177 | D:5      | Killed Yorgos's ghost
  4177 | D:5      | Reached **** piety under Trog
  4177 | D:5      | Reached skill level 6 in Maces & Flails
  4351 | D:6      | Reached XP level 9. HP: 46/57 MP: 9/9
  4456 | D:6      | Reached skill level 5 in Dodging
  4535 | D:6      | Noticed Blork the orc
  4550 | D:6      | Killed Blork the orc
  4795 | D:6      | Found a sparkling altar of Nemelex Xobeh.
  4797 | D:6      | Found a shattered altar of Ashenzari.
  4822 | D:6      | Found an ancient bone altar of Kikubaaqudgha.
  5182 | D:7      | Reached skill level 7 in Maces & Flails
  5639 | D:7      | Reached XP level 10. HP: 50/64 MP: 10/10
  5930 | D:7      | Found a bloodstained altar of Trog.
  6059 | D:7      | Found an ancient bone altar of Kikubaaqudgha.
  6227 | D:7      | Reached ***** piety under Trog
  6227 | D:7      | Received a gift from Trog
  6901 | D:8      | Reached skill level 8 in Maces & Flails
  7107 | D:8      | Noticed Pikel
  7132 | D:8      | Killed Pikel
  7561 | D:9      | Noticed Psyche
  7608 | D:9      | Killed Psyche
  7703 | D:9      | Received a gift from Trog
  7763 | D:9      | Reached XP level 11. HP: 53/71 MP: 11/11
  7939 | D:9      | Reached skill level 9 in Maces & Flails
  8064 | D:9      | Noticed Harold
  8080 | D:9      | Killed Harold
  8520 | D:9      | Received a gift from Trog
  8830 | D:9      | Found Abrak's Jewellery Shop.
  8838 | D:9      | Bought an uncursed amulet of regeneration for 360 gold
                  | pieces
  8908 | D:9      | Found Zin's Purification Station.
  8908 | D:9      | Found a glowing silver altar of Zin.
  9105 | D:10     | Entered Level 10 of the Dungeon
  9137 | D:10     | Reached skill level 10 in Fighting
  9168 | D:10     | Noticed a two-headed ogre
  9170 | D:10     | Found a staircase to the Lair.
  9175 | D:10     | Killed a two-headed ogre
  9178 | D:10     | Noticed an oklob plant
  9227 | D:10     | Reached skill level 10 in Maces & Flails
  9340 | D:10     | Killed an oklob plant
  9390 | D:10     | Killed an unseen horror
  9390 | D:10     | Reached skill level 10 in Armour
  9408 | D:10     | Found Onipax's Assorted Antiques.
  9900 | D:11     | Noticed a manticore
  9907 | D:11     | Killed a manticore
  9907 | D:11     | Reached XP level 12. HP: 55/78 MP: 12/12
 10003 | D:11     | Noticed Josephine
 10016 | D:11     | Killed Josephine
 10304 | D:11     | Noticed a seven-headed hydra
 10311 | D:11     | Killed a seven-headed hydra
 10311 | D:11     | Reached skill level 11 in Maces & Flails
 10516 | D:11     | Found a roughly hewn altar of Beogh.
 11028 | D:12     | Found a staircase to the Orcish Mines.
 11150 | D:12     | Received a gift from Trog
 11191 | D:12     | Found a glowing golden altar of the Shining One.
 11278 | D:12     | You fall into a shaft and drop 3 floors!
 11278 | D:15     | Entered Level 15 of the Dungeon
 11278 | D:15     | Noticed a vault guard
 11279 | D:15     | Noticed a great orb of eyes
 11286 | D:15     | Killed a great orb of eyes
 11289 | D:15     | Killed a vault guard
 11289 | D:15     | Reached skill level 10 in Dodging
 11289 | D:15     | Reached XP level 13. HP: 84/84 MP: 13/13
 11319 | D:15     | Noticed an ettin
 11332 | D:15     | HP: 4/84 [ettin/+0 dire flail (19)]
 11348 | D:15     | Killed an ettin
 11416 | D:15     | Noticed an ettin
 11419 | D:15     | Killed an ettin
 11419 | D:15     | Reached skill level 12 in Maces & Flails
 11442 | D:15     | Noticed a vault guard
 11445 | D:15     | Paralysed by a floating eye for 3 turns
 11454 | D:15     | Killed a vault guard
 11626 | D:15     | Got a polished mace
 11630 | D:15     | Identified the +5 mace of Jerromof {crush, rPois Int+3}
                  | (You found it on level 15 of the Dungeon)
 11676 | D:15     | Found a staircase to the Depths.
 11677 | D:15     | Noticed a frost giant
 11683 | D:15     | Killed a frost giant
 11698 | D:15     | Noticed a vault guard
 11698 | D:15     | Noticed a great orb of eyes
 11705 | D:15     | Paralysed by a great orb of eyes for 5 turns
 11717 | D:15     | Killed a great orb of eyes
 11722 | D:15     | Killed a vault guard
 11822 | D:15     | Noticed Azrael
 11850 | D:15     | Killed Azrael
 11952 | D:15     | Noticed Kirke
 11965 | D:15     | Killed Kirke
 12036 | D:15     | Got an iridescent short sword
 12037 | D:15     | Identified the +9 short sword of Doom {pierce, rElec Int-4
                  | Dex+6} (You found it on level 15 of the Dungeon)
 12049 | D:15     | Noticed a vault guard
 12063 | D:15     | Killed a vault guard
 12146 | D:15     | Reached skill level 13 in Maces & Flails
 12167 | D:15     | Got a slimy golden ring
 12178 | D:15     | Found Sasua's Gadget Shoppe.
 12183 | D:15     | Gained mutation: Your large and strong wings let you fly
                  | indefinitely. [Gargoyle growth]
 12183 | D:15     | Reached XP level 14. HP: 92/92 MP: 14/14
 12207 | D:15     | Noticed a war gargoyle
 12213 | D:15     | Killed a war gargoyle
 12313 | D:15     | Got a pitted iron ring
 12315 | D:15     | Identified the ring "Iraateb" {Wiz rPois rC+} (You found it
                  | on level 15 of the Dungeon)
 12317 | D:15     | Identified the ring of Ucweehe {rElec rN+ Str+3 Stlth+}
                  | (You found it on level 15 of the Dungeon)
 12336 | D:15     | Found Ykodgh's Antique Weapon Shop.
 12459 | D:15     | Got a brightly glowing turquoise ring
 12461 | D:15     | Identified the ring "Peuc" {*Tele *Corrode Str+5 Int+8
                  | Slay-2 SInv} (You found it on level 15 of the Dungeon)
 12474 | D:15     | Found Lirogex's Book Boutique.
 12868 | D:15     | Noticed a sphinx
 12874 | D:15     | Killed a sphinx
 12874 | D:15     | Received a gift from Trog
 12883 | D:15     | Got a slimy flail {god gift}
 13003 | D:14     | Reached skill level 14 in Maces & Flails
 13011 | D:14     | Identified the +7 flail of Killer Klown's Doom {crush,
                  | rElec MR+} (Trog gifted it to you on level 15 of the
                  | Dungeon)
 13391 | D:14     | Cast into level 3 of the Abyss (a wizard)
 13430 | D:14     | Escaped the Abyss
 13616 | D:13     | Found a gate to the Vaults.
 13923 | D:13     | Reached XP level 15. HP: 97/97 MP: 15/15
 14464 | D:13     | Received a gift from Trog
 14832 | D:12     | Found a shadowy altar of Dithmenos.
 15146 | Lair:1   | Entered Level 1 of the Lair of Beasts
 16644 | Lair:3   | Noticed Maggie
 16665 | Lair:3   | Killed Maggie
 16675 | Lair:3   | Noticed Urug
 16684 | Lair:3   | Received a gift from Trog
 16692 | Lair:3   | Killed Urug
 16704 | Lair:3   | Noticed Fannar
 16725 | Lair:3   | Killed Fannar
 16989 | Lair:3   | Reached skill level 15 in Maces & Flails
 17005 | Lair:3   | Found a staircase to the Swamp.
 17551 | Lair:4   | Noticed Rupert
 17551 | Lair:4   | Paralysed by Rupert for 7 turns
 17565 | Lair:4   | Killed Rupert
 17895 | Lair:4   | Found a hole to the Spider Nest.
 18252 | Lair:5   | Received a gift from Trog
 18319 | Lair:5   | Found a gate leading to a gauntlet.
 18360 | Gauntlet | Entered a Gauntlet
 18360 | Gauntlet | Found a transporter.
 18360 | Gauntlet | Found a transporter.
 18361 | Gauntlet | Found a transporter.
 18364 | Gauntlet | Found a transporter.
 18368 | Gauntlet | Found a transporter.
 18368 | Gauntlet | Found a transporter.
 18392 | Gauntlet | Found a transporter.
 18392 | Gauntlet | Found a transporter.
 18395 | Gauntlet | Found a transporter.
 18395 | Gauntlet | Found a transporter.
 18421 | Gauntlet | Found a transporter.
 18426 | Gauntlet | Found a transporter.
 18653 | Gauntlet | Got a pair of warped gloves
 18673 | Gauntlet | Identified the +2 pair of gloves of Gestures {MR+ Stlth+}
                  | (You found it in a Gauntlet)
 18809 | Lair:5   | Reached XP level 16. HP: 87/104 MP: 16/16
 18896 | Lair:5   | Found a viscous altar of Jiyva.
 18901 | Lair:5   | Found a staircase to the Slime Pits.
 19255 | Lair:6   | Entered Level 6 of the Lair of Beasts
 19885 | Lair:6   | Received a gift from Trog
 20057 | Lair:6   | Got a faintly humming scale mail
 20083 | Lair:6   | Identified the +6 scale mail of Xyrices {+Inv} (You found
                  | it on level 6 of the Lair of Beasts)
 20834 | D:5      | Bought an ichor-stained scale mail for 234 gold pieces
 20844 | D:5      | Identified the cursed +0 scale mail of Magic {Int+4 Dex+4}
                  | (You bought it in a shop on level 5 of the Dungeon)
 21030 | Orc:1    | Entered Level 1 of the Orcish Mines
 21175 | Orc:2    | Entered Level 2 of the Orcish Mines
 21249 | Orc:2    | Found a staircase to the Elven Halls.
 21314 | Orc:2    | Received a gift from Trog
 21964 | Orc:2    | Noticed Donald
 21982 | Orc:2    | Killed Donald
 21982 | Orc:2    | Reached skill level 16 in Maces & Flails
 22359 | Orc:2    | Found Ovvud's Food Boutique.
 22359 | Orc:2    | Found Waxtutz's Book Shoppe.
 22361 | Orc:2    | Found Paneyxa's Book Boutique.
 22361 | Orc:2    | Found Nonaphil's Gadget Shoppe.
 22457 | Orc:1    | Received a gift from Trog
 22781 | Swamp:1  | Entered Level 1 of the Swamp
 23518 | Swamp:2  | Found a white marble altar of Elyvilon.
 23627 | Swamp:2  | Noticed Jorgrun
 23642 | Swamp:2  | Killed Jorgrun
 23693 | Swamp:2  | Noticed a thorn hunter
 23708 | Swamp:2  | Killed a thorn hunter
 23708 | Swamp:2  | Reached XP level 17. HP: 90/112 MP: 17/17
 23966 | Swamp:2  | Received a gift from Trog
 23987 | Swamp:2  | Got a pair of bloodstained boots
 23998 | Swamp:2  | Identified the cursed +0 pair of boots "Enarosm" {rPois
                  | rCorr} (You found it on level 2 of the Swamp)
 24385 | Swamp:3  | Got a bound copper ring
 24387 | Swamp:3  | Identified the ring of Brilliance {rF+ MP+9} (You found it
                  | on level 3 of the Swamp)
 24460 | Swamp:3  | Slain by an alligator

Levels and vault maps discovered:
D:1:      minmay_arrival_cross, layout_basic
D:2:      layout_rooms, marbit_many_paths, fiery_altar_vehumet, serial_glass,
          glass_columns_b, glass_columns_b, first_ration
D:3:      minmay_chambers_of_threes, layout_basic, old_standard_altar
D:4:      layout_basic, lemuel_round_altar, glass_columns_c,
          roderic_nine_men_s_morris, minmay_between, uniq_grinder
D:5:      minmay_angry_zag, layout_loops_ring, nicolae_ru_path_of_blood,
          lemuel_coloured_pillars_altar, minmay_temple_entry_from_below_a,
          gammafunk_ghost_split, basic_altar, serial_shops, shop
D:6:      layout_cave_pools, ashenzari_altar_1,
          nemelex_xobeh_ov_fountains_minmay, basic_altar, minmay_bent,
          uniq_blork_the_orc
D:7:      minmay_the_grid_octo_2x2 [minmay_the_grid_octo_pinwheel,
          minmay_the_grid_octo_tetromino_candy, minmay_the_grid_octo_empty,
          minmay_the_grid_octo_prize_ultimate_mussel_roller], layout_gridville,
          kennysheep_mini, trog_hazing_becter
D:8:      layout_gridville, uniq_pikel
D:9:      wad_woods_minihive, layout_irregular_city, zin_purify, serial_shops,
          shop, uniq_harold, uniq_psyche
D:10:     layout_basic, dpeg_oklobed_lair, serial_shops, shop
D:11:     layout_roguey, special_room [special_room_orc], uniq_josephine
D:12:     layout_cave_pools, orc_0_dummy, basic_altar, serial_column_ruins,
          column_ruins_square_small, column_ruins_circle_medium,
          column_ruins_grid_4, column_ruins_open_small, column_ruins_open_small,
          hangedman_pestilent_swarm, tso_metal_star
D:13:     layout_irregular_city, erik_vaults_1, introduction_to_nature_2
D:14:     layout_basic, minmay_misc_feat_nine_boxes
D:15:     hangedman_spin_cycle, uniq_azrael
Lair:1:   layout_chaotic_city, lemuel_fruit_fields, serial_bayou_shore_a,
          minmay_lair_oklob_chamber
Lair:2:   layout_chaotic_city
Lair:3:   layout_cave_pods, skrybe_swamp_entry_bodies, special_room,
          infiniplex_staircase_pool, uniq_fannar, uniq_urug, uniq_maggie
Lair:4:   layout_loops_ring, spider_nest_entry_rubble, grunt_megastairs_4,
          uniq_rupert
Lair:5:   layout_gridlike, slime_altar_1, gauntlet_entry_generic,
          lemuel_fruit_tree, grunt_megastairs_5, serial_bayou_shore_b
Lair:6:   hangedman_lair_in_review, layout_loops_ring, guppyfry_lair_end_dragon,
          worms_lemuel
Swamp:1:  layout_falls_marsh, evilmike_swamp_ruin_rubble_2
Swamp:2:  layout_falls_marsh, nicolae_swamp_godswood, uniq_jorgrun
Swamp:3:  cheibrodos_swamp_tower_of_moss, layout_basic_swamp,
          evilmike_swamp_ruin_rubble_1
Orc:1:    layout_caves
Orc:2:    grunt_orc_tribal_feast, layout_caves, uniq_donald

Skill      XL: |  1  2  3  4  5  6  7  8  9 10 11 12 13 14 15 16 |
---------------+-------------------------------------------------+-----
Dodging        | 2 3 4 5 7 8 10 11 12 13 14 | 14.2
Fighting       | 4 5 7 8 9 10 11 12 13 14 | 14.5
Armour         | 3 4 5 6 7 9 10 11 12 13 14 | 14.4
Maces & Flails | 4 5 6 7 8 10 11 13 14 15 16 | 16.6

Action                   |  1- 3 |  4- 6 |  7- 9 | 10-12 | 13-15 | 16-18 || total
-------------------------+-------+-------+-------+-------+-------+-------++-------
Melee: Mace              |    37 |       |       |       |       |       ||    37
       Whip              |    26 |   160 |   419 |    70 |       |       ||   675
       Flail             |       |       |       |   682 |       |       ||   682
       Dire flail        |       |       |       |   206 |   953 |   638 ||  1797
       Unarmed           |       |       |       |       |     5 |       ||     5
       Great mace        |       |       |       |       |       |    46 ||    46
Throw: Throwing net      |       |       |       |     1 |       |       ||     1
Invok: Berserk           |     1 |     1 |     3 |     7 |    10 |     6 ||    28
       Brothers in Arms  |       |       |     1 |       |     2 |       ||     3
       Trog's Hand       |       |       |       |     3 |     2 |       ||     5
 Abil: Fly               |       |       |       |       |     1 |       ||     1
  Use: Scroll            |       |       |     6 |     6 |    17 |     8 ||    37
       Potion            |       |       |     1 |       |     3 |       ||     4
 Stab: Petrified         |       |       |       |       |       |     9 ||     9
       Confused          |       |       |       |       |       |     3 ||     3
  Eat: Chunk             |     1 |     6 |    10 |    22 |    31 |    21 ||    91
       Ration            |       |       |     1 |     2 |     2 |       ||     5
Armor: Animal skin       |     2 |       |       |       |       |       ||     2
       Ring mail         |    33 |       |       |       |       |       ||    33
       Scale mail        |       |    64 |   182 |   552 |       |   214 ||  1012
       Troll leather arm |       |       |       |    15 |       |       ||    15
       Chain mail        |       |       |       |   106 |   472 |    46 ||   624
       Acid dragon scale |       |       |       |       |       |    39 ||    39
Dodge: Dodged            |    56 |    68 |   219 |   974 |   541 |   467 ||  2325
       Deflected         |       |     3 |     1 |    22 |    16 |    24 ||    66

Table legend:
 A = Non-vault XP
 B = Vault XP
 C = Vault XP percentage of total XP
 D = Non-vault monster count
 E = Vault monster count
 F = Vault count percentage of total count
                 A         B        C        D         E       F
            +---------+---------+-------+---------+---------+-------
      Total |   95628 |   99831 |  51.1 |     592 |     330 |  35.8
            +---------+---------+-------+---------+---------+-------
        D:1 |      14 |       0 |   0.0 |      10 |       0 |   0.0
        D:2 |     104 |       3 |   2.8 |      17 |       1 |   5.6
        D:3 |      51 |      33 |  39.3 |      28 |      11 |  28.2
        D:4 |     261 |     268 |  50.7 |      16 |       3 |  15.8
        D:5 |     457 |    1150 |  71.6 |      20 |       6 |  23.1
        D:6 |     471 |     444 |  48.5 |      11 |       7 |  38.9
        D:7 |     570 |    1348 |  70.3 |      15 |      22 |  59.5
        D:8 |    1806 |     629 |  25.8 |      33 |       1 |   2.9
        D:9 |     779 |    4404 |  85.0 |      17 |      50 |  74.6
       D:10 |    4779 |     572 |  10.7 |      37 |       1 |   2.6
       D:11 |    5513 |    2805 |  33.7 |      36 |      30 |  45.5
       D:12 |    6602 |     861 |  11.5 |      48 |       4 |   7.7
       D:13 |    7001 |    3366 |  32.5 |      38 |      22 |  36.7
       D:14 |    8708 |       0 |   0.0 |      23 |       0 |   0.0
       D:15 |       0 |   42344 | 100.0 |       0 |      81 | 100.0
     Lair:1 |    5226 |    1990 |  27.6 |      23 |       4 |  14.8
     Lair:2 |    2404 |       0 |   0.0 |      10 |       0 |   0.0
     Lair:3 |    5764 |    2519 |  30.4 |      29 |       4 |  12.1
     Lair:4 |    2291 |    4152 |  64.4 |       8 |       5 |  38.5
     Lair:5 |    4606 |    1055 |  18.6 |      19 |       2 |   9.5
     Lair:6 |    9593 |   13058 |  57.6 |      37 |      34 |  47.9
    Swamp:1 |    6469 |       0 |   0.0 |      20 |       0 |   0.0
    Swamp:2 |   13293 |    3040 |  18.6 |      30 |       1 |   3.2
    Swamp:3 |    3414 |    2265 |  39.9 |       7 |       1 |  12.5
      Orc:1 |    3112 |       0 |   0.0 |      35 |       0 |   0.0
      Orc:2 |    2340 |    8949 |  79.3 |      25 |      31 |  55.4
   Gauntlet |       0 |    4576 | 100.0 |       0 |       9 | 100.0
            +---------+---------+-------+---------+---------+-------
